 Dungeon Crawl Stone Soup version 0.24.1-11-gbbbb2193e6 (webtiles) character file.

Game seed: 4490080339935501603, levelgen mode: deterministic

1210 CrazyMind the Archer (level 8, -3/64 HPs)
             Began as a Centaur Hunter on May 15, 2020.
             Was a Follower of Okawaru.
             Slain by a troll (8 damage)
             ... on level 6 of the Dungeon.
             The game lasted 00:33:48 (8692 turns).

CrazyMind the Archer (Centaur Hunter)               Turns: 8692, Time: 00:33:48

Health: -3/64      AC:  7    Str: 16    XL:     8   Next: 22%
Magic:  7/8        EV:  8    Int: 10    God:    Okawaru [*.....]
Gold:   264        SH:  0    Dex: 11    Spells: 7/7 levels left

rFire    . . .     SeeInvis .   a - +1 shortbow
rCold    . . .     Gourm    .   (shield currently unavailable)
rNeg     . . .     Faith    .   n - +0 ring mail
rPois    .         Spirit   .   K - +0 helmet
rElec    .         Reflect  .   (no cloak)
rCorr    .         Harm     .   (no gloves)
MR       .....                  (no barding)
Stlth    ..........             (no amulet)
HPRegen  0.20/turn              (no ring)
MPRegen  0.11/turn              (no ring)

@: very quick
A: large, hooves 3, deformed body, speed 2, tough skin 3
a: Heroism, Renounce Religion


You were on level 6 of the Dungeon.
You worshipped Okawaru.
Okawaru was aware of your devotion.
You were not hungry.

You visited 2 branches of the dungeon, and saw 8 of its levels.
You also visited: Sewer.

You collected 264 gold pieces.

Inventory:

Hand Weapons
 a - a +1 shortbow (weapon)
 d - a +0 short sword of electrocution
 m - a +0 hunting sling
Missiles
 c - 25 bolts
 e - 165 stones
 o - 50 poisoned darts
 u - 8 boomerangs (quivered)
 x - 3 atropa-tipped darts
Armour
 h - a +0 buckler
 k - a +0 plate armour
 n - a +0 ring mail (worn)
 J - a cursed -2 shield
 K - a +0 helmet (worn)
Wands
 b - a wand of clouds (4)
 v - a wand of scattershot (4)
 y - a wand of paralysis (8)
 L - a wand of enslavement (6)
Scrolls
 i - 2 scrolls of teleportation
 q - a scroll of immolation {unknown}
 A - 6 scrolls of remove curse {unknown}
 B - a scroll of fear {unknown}
 C - 4 scrolls of identify
 D - 2 scrolls of magic mapping
 E - a scroll of enchant armour {unknown}
 F - a scroll of blinking {unknown}
 G - a scroll of random uselessness {unknown}
 H - a scroll of amnesia {unknown}
Potions
 g - 2 potions of curing
 j - a potion of mutation {unknown}
 l - a potion of invisibility {unknown}
 p - 3 potions of flight
 r - 3 potions of brilliance
 t - a potion of agility
 w - 2 potions of resistance
 z - 3 potions of might {unknown}
 I - a potion of berserk rage {unknown}
Comestibles
 f - 11 rations


   Skills:
 + Level 3.6 Fighting
 * Level 10.3 Bows
 + Level 3.3 Armour
 - Level 1.3 Dodging
 - Level 0.4 Stealth
 + Level 4.0 Unarmed Combat


You had 7 spell levels left.
You didn't know any spells.
Your spell library was empty.

Dungeon Overview and Level Annotations

Branches:
Dungeon (7/15)             Temple (1/1) D:7           Sewer (visited)

Altars:
Ashenzari
Cheibriados
Dithmenos
Elyvilon
Fedhas
Gozag
Hepliaklqana
Kikubaaqudgha
Makhleb
Nemelex Xobeh
Okawaru
Qazlal
Ru
Sif Muna
Trog
Uskayaw
Vehumet
Wu Jian
Xom
Yredelemnul
Zin
The Shining One
Beogh

Annotations:
D:4 3 runed translucent doors, letownia's ghost, amateur GnEE


Innate Abilities, Weirdness & Mutations

You have hooves in place of feet.
Armour fits poorly on your strangely shaped body.
You cover ground very quickly.
You have extremely tough skin. (AC +3)


Message History

Press: ? - help, Shift-Dir - straight line, f/p - troll
Aim: a troll (almost dead)
You shoot an arrow. The arrow closely misses the troll.
You feel like a meek peon again.
Quiver which item? (- for none, * to show all) (? for menu, Esc to quit)
Quivering
u - 8 boomerangs for throwing.
Throwing (i - inventory. (/) - cycle)
u - 8 boomerangs (quivered)
Press: ? - help, Shift-Dir - straight line, f/p - troll
Aim: a troll (almost dead)
You throw a boomerang. The boomerang hits the troll.
The troll is almost dead.
Throwing (i - inventory. (/) - cycle)
u - 8 boomerangs (quivered)
Press: ? - help, Shift-Dir - straight line, f/p - troll
Aim: a troll (almost dead)
You throw a boomerang.
The boomerang completely misses the troll.
The troll bites you!
* * * LOW HITPOINT WARNING * * *
The troll closely misses you. The troll claws you!
You die...

#....#<.#..(.#
#....#..#....#
#....#..#..(.#
#....#..#..(.########
#>...#..#....#......#
#....#..#..(.'......#
#....#..#..(.#####..#
#....#.T#........#
#....#.@#..(.....#.
#....#..#.....(..+..##+#
#....#..#......(.#......
#....#..#.......(#####..
#...##..#....####(......
###'##..#....' #.((..Z.
#....#..#....# #.......
#....#..####. P....(....
#....#...# #. ..........


You could see a troll.

Vanquished Creatures
  A sky beast (D:6)
  An ice beast (D:5)
  2 ogres
  A centaur (D:4)
  2 big kobolds (Sewer)
  A bullfrog (D:4)
  A water moccasin skeleton (D:4)
  A howler monkey (D:6)
  A crimson imp (D:6)
  2 orc wizards (D:4)
  A centaur skeleton (D:4)
  2 iguanas (D:5)
  2 worker ants
  A hound zombie (D:5)
  A hound skeleton (D:6)
  A worker ant zombie (D:6)
  3 gnolls (D:6)
  5 adders
  A river rat (D:3)
  2 oozes
  3 adder skeletons
  2 worms
  2 dart slugs
  4 leopard geckos
  11 orcs
  6 ball pythons
  8 giant cockroaches
  15 goblins
  10 hobgoblins
  13 jackals
  4 bats
  7 frilled lizards
  A giant cockroach zombie (D:6)
  A jackal skeleton (D:6)
  19 kobolds
  A leopard gecko zombie (D:6)
  5 rats
144 creatures vanquished.

Notes
Turn   | Place    | Note
-------+----------+-------------------------------------------
     0 | D:1      | CrazyMind the Centaur Hunter began the quest for the Orb.
     0 | D:1      | Reached XP level 1. HP: 17/17 MP: 1/1
   317 | D:1      | Reached XP level 2. HP: 8/24 MP: 2/2
   740 | D:1      | Reached skill level 6 in Bows
  1408 | D:1      | Reached XP level 3. HP: 29/29 MP: 3/3
  1891 | D:2      | Found an ornate altar of the Wu Jian Council.
  1942 | D:2      | Found a stormy altar of Qazlal.
  2629 | D:2      | Reached skill level 1 in Armour
  2629 | D:2      | Reached XP level 4. HP: 31/37 MP: 4/4
  3410 | D:3      | Reached skill level 7 in Bows
  3534 | D:3      | Found a basalt altar of Yredelemnul.
  3534 | D:3      | Found a hide-covered altar of Uskayaw.
  3584 | D:3      | Reached skill level 1 in Unarmed Combat
  3656 | D:3      | Found a glowing drain.
  3660 | Sewer    | Entered a sewer
  3987 | Sewer    | Noticed a big kobold
  4009 | Sewer    | Killed a big kobold
  4009 | Sewer    | Reached XP level 5. HP: 42/42 MP: 5/5
  4107 | Sewer    | Reached XP level 6. HP: 25/50 MP: 6/6
  4891 | D:4      | Reached skill level 8 in Bows
  5439 | D:4      | Found a sacrificial altar of Ru.
  5444 | D:4      | You fall into a shaft and drop 3 floors!
  5469 | D:7      | Found a staircase to the Ecumenical Temple.
  5473 | D:7      | Noticed a troll
  5478 | D:7      | Noticed an orc warrior
  5482 | Temple   | Entered the Ecumenical Temple
  5586 | Temple   | Became a worshipper of Warmaster Okawaru
  5814 | D:6      | Noticed a sky beast
  5818 | D:6      | HP: 1/51 [centaur/arrow (8)]
  5867 | D:6      | Found a shimmering altar of Xom.
  5875 | D:5      | Entered Level 5 of the Dungeon
  6095 | D:4      | Reached XP level 7. HP: 51/57 MP: 7/7
  6160 | D:4      | Reached * piety under Okawaru
  6838 | D:4      | Found a runed translucent gate.
  6839 | D:4      | Found a runed translucent gate.
  6840 | D:4      | Found a runed translucent gate.
  6844 | D:4      | Noticed letownia's ghost (amateur GnEE)
  6847 | D:4      | Found a roughly hewn altar of Beogh.
  7010 | D:4      | Found a white marble altar of Elyvilon.
  7444 | D:5      | Reached skill level 9 in Bows
  8290 | D:6      | Reached XP level 8. HP: 62/63 MP: 8/8
  8518 | D:6      | Reached skill level 10 in Bows
  8692 | D:6      | Slain by a troll

Levels and vault maps discovered:
D:1:      saegor_arrival_simple_e, layout_loops_corners
D:2:      layout_loops_corners, overflow_temple_1_default,
          nicolae_overflow_hidden_temple, first_ration
D:3:      layout_rooms, grunt_temple_overflow_open, gup_sewer_entry_bowl
D:4:      layout_rooms, lemuel_coloured_pillars_altar, lemuel_crystal_altar,
          biasface_ghost_orc_armoury
D:5:      layout_loops_corners, st_stairs_13,
          hangedman_abyss_or_decor_jellyfish_corner
D:6:      layout_gridville, xom_redecorated, serial_undead, serial_undead_b,
          serial_undead_b, serial_undead_e, serial_undead_a, serial_undead_a
D:7:      layout_loops_ring, minmay_temple_entry_trees
Temple:   eino_wide_crystal_templ

Skill      XL: |  1  2  3  4  5  6  7  8 |
---------------+-------------------------+-----
Bows           | 6 7 8 9 10 | 10.3
Armour         | 1 2 3 |  3.3
Unarmed Combat | 1 2 3 4 |  4.0
Fighting       | 3 |  3.6
Dodging        | |  1.3
Stealth        | |  0.4

Action                   |  1- 3 |  4- 6 |  7- 9 || total
-------------------------+-------+-------+-------++-------
Melee: Unarmed           |   145 |   229 |    59 ||   433
       Kick              |    30 |    49 |    11 ||    90
       Short sword       |       |    19 |       ||    19
       Punch             |       |     4 |       ||     4
 Fire: Shortbow          |    52 |    59 |   151 ||   262
Throw: Dart              |       |     6 |     3 ||     9
       Boomerang         |       |       |     2 ||     2
Invok: Heroism           |       |       |     1 ||     1
  Use: Scroll            |       |    10 |       ||    10
       Potion            |       |    11 |       ||    11
  Eat: Chunk             |     4 |    10 |     6 ||    20
Armor: Leather armour    |    48 |    79 |       ||   127
       Ring mail         |       |    32 |    37 ||    69
Dodge: Dodged            |    67 |   143 |    35 ||   245
